 Dungeon Crawl Stone Soup version 0.28-a0-2-g643f2454ad (webtiles) character file.

Game seed: 14477685059925881788

1076 dolemite99 the Spear-Bearer (level 8, -1/85 HPs)
             Began as a Minotaur Fighter on July 23, 2021.
             Was a Follower of Hepliaklqana.
             Slain by a manticore (7 damage)
             ... on level 6 of the Dungeon.
             The game lasted 00:08:37 (6117 turns).

dolemite99 the Spear-Bearer (Minotaur Fighter)      Turns: 6117, Time: 00:08:38

Health: -1/85      AC: 24    Str: 23    XL:     8   Next: 8%
Magic:  7/7        EV:  2    Int:  5    God:    Hepliaklqana [*.....]
Gold:   231        SH: 11    Dex: 10    Spells: 7/7 levels left

rFire   . . .      SeeInvis .   a - +0 trident
rCold   . . .      Faith    .   c - +0 kite shield
rNeg    + + +      Spirit   .   (armour currently unavailable)
rPois   +          Reflect  .   (helmet currently unavailable)
rElec   .          Harm     .   (cloak currently unavailable)
rCorr   .          Rampage  .   (gloves currently unavailable)
Will    .....      NoTele   +   (boots currently unavailable)
Stlth   +.........              (no amulet)
HPRegen 0.24/turn               (no ring)
MPRegen 0.10/turn               (no ring)

@: tree-form, mesmerised
A: stationary, stasis, torment immunity, boosted hp, reduced essence, (horns 2),
(retaliatory headbutt)
a: Renounce Religion, Recall Ancestor, Ancestor Identity


You were on level 6 of the Dungeon.
You worshipped Hepliaklqana.
Hepliaklqana was aware of your devotion.
You were a tree.
You visited 2 branches of the dungeon, and saw 8 of its levels.

You collected 231 gold pieces.

Inventory:

Hand Weapons
 a - a +0 trident (weapon)
 b - a +1 dagger of venom
 d - a +0 hunting sling
Missiles
 h - 130 stones
 l - 2 javelins
 o - 17 poisoned darts (quivered)
 v - 12 arrows
 x - 2 atropa-tipped darts
 y - 28 bolts
Armour
 c - a +0 kite shield (worn)
 n - a +0 scale mail (melded)
 u - a +2 hat (melded)
Magical Staves
 r - a staff of poison
Jewellery
 p - a +6 ring of dexterity
 A - a ring of magical power
Scrolls
 i - 2 scrolls of teleportation
 j - 2 scrolls of summoning
 s - a scroll of fog
 t - a scroll of enchant armour {unknown}
 w - a scroll of blinking {unknown}
 z - a scroll of vulnerability
 B - a scroll of fear {unknown}
 D - a scroll of identify {@r1}
Potions
 e - 2 potions of degeneration
 g - a potion of lignification
 k - a potion of attraction {unknown}
 m - a potion of flight
 q - a potion of brilliance {unknown}
 C - a potion of haste {unknown}


   Skills:
 - Level 3.6 Fighting
 - Level 2.0 Short Blades
 - Level 9.5 Polearms
 - Level 3.6 Armour
 + Level 7.0 Shields


You had 7 spell levels left.
You didn't know any spells.
Your spell library contained the following spells:

 Spells                   Type           Power      Damage    Failure   Level
 Animate Skeleton         Necr           0%         N/A       83%         1
 Beastly Appendage        Tmut           0%         N/A       83%         1
 Pain                     Necr           0%         1d4       83%         1
 Wereblood                Tmut           0%         N/A       92%         2
 Frozen Ramparts          Ice            0%         1d2       99%         3
 Spider Form              Tmut/Pois      0%         N/A       99%         3
 Vampiric Draining        Necr           0%         2d6       99%         3
 Ice Form                 Ice/Tmut       0%         N/A       100%        4
 Summon Ice Beast         Ice/Summ       0%         N/A       100%        4


Dungeon Overview and Level Annotations

Branches:
Dungeon (7/15)             Temple (1/1) D:4

Altars:
Ashenzari
Dithmenos
Gozag
Hepliaklqana
Makhleb
Okawaru
Ru
Sif Muna
Trog

Shops:
D:4 =

Annotations:
D:6 Maggie


Innate Abilities, Weirdness & Mutations

You are a tree.
Your roots penetrate the ground, keeping you stationary.
You cannot be teleported.
You are immune to unholy pain and torment.
Your maximum health is greatly increased.
Your equipment is partially melded.
Your life essence is reduced to manifest your ancestor. (-10% HP)
((You have a pair of horns on your head.))
((You reflexively headbutt those who attack you in melee.))


Message History

The bolt of fire hits you!
You hit Maggie.
Maggie is lightly wounded.
You block the manticore's attack.
The manticore claws you but does no damage.
You block the manticore's attack.
Maggie gestures wildly while chanting.
Maggie attempts to bespell you! You resist with almost no effort.
Your +1 dagger of venom stops dripping with poison.
a - a +0 trident (weapon)
The manticore bites you! The manticore claws you.
You block the manticore's attack.
Maggie casts a spell.
Maggie attempts to bespell you!
You are mesmerised by Maggie!
Okay, then.
You feel better. You block the manticore's attack.
The manticore claws you but does no damage.
The manticore claws you. You block Maggie's attack.
You hit Maggie but do no damage.
Maggie is moderately wounded.
The manticore bites you but does no damage.
The manticore claws you but does no damage. x2
Your +1 dagger of venom begins to drip with poison!
b - a +1 dagger of venom (weapon)
You block Maggie's attack.
Your +1 dagger of venom stops dripping with poison.
a - a +0 trident (weapon)
The manticore bites you!
The manticore claws you but does no damage.
The manticore completely misses you.
You hit Maggie.
Maggie is moderately wounded.
Maggie casts a spell at you. The bolt of fire hits you!
* * * LOW HITPOINT WARNING * * *
The manticore bites you!
* * * LOW HITPOINT WARNING * * *
The manticore claws you!
You die...

8........ ........ ... 8.....#
.... ......###... .........# ..#
.......# #.. ##.....##..###..#
##.♣.....#.......
#.@H.............
......##†.##........ .# ...#...
#.....#.....## # ..#. .#
##.###.....# #....#.# ##.....
...#......####...... ....#....
..#.......###...<...#
......#.##....#........##....>#..
.........#....H...........##....


You could see Maggie (mesmerising, poisoned) and a manticore.

Vanquished Creatures
  Sigmund (D:4)
  2 black bears
  A phantom (D:3)
  A bullfrog (D:4)
  2 scorpions (D:5)
  An orc priest (D:4)
  2 hounds (D:5)
  2 iguanas (D:5)
  4 orc wizards
  8 adders
  A shadow imp (D:6)
  2 ufetubi (D:5)
  10 orcs
  5 bats
  8 endoplasms
  8 giant cockroaches
  10 goblins
  7 hobgoblins
  3 jackals
  7 quokkas
  8 ball pythons
  5 frilled lizards
  9 kobolds
  9 rats
116 creatures vanquished.

Vanquished Creatures (collateral kills)
  A jelly (D:6)
1 creature vanquished.

Vanquished Creatures (others)
  An ancestor (D:6)
1 creature vanquished.

Grand Total: 118 creatures vanquished

Notes
Turn   | Place    | Note
-------+----------+-------------------------------------------
     0 | D:1      | dolemite99 the Minotaur Fighter began the quest for the
                  | Orb.
     0 | D:1      | Reached XP level 1. HP: 19/19 MP: 0/0
   110 | D:1      | Reached skill level 3 in Polearms
   162 | D:1      | Reached XP level 2. HP: 26/26 MP: 1/1
   418 | D:1      | Reached skill level 4 in Polearms
   816 | D:2      | Reached XP level 3. HP: 30/31 MP: 2/2
  1217 | D:2      | Noticed a black bear
  1227 | D:2      | Killed a black bear
  1228 | D:2      | Reached skill level 6 in Polearms
  1228 | D:2      | Reached XP level 4. HP: 14/39 MP: 3/3
  1228 | D:2      | Reached XP level 5. HP: 17/45 MP: 4/4
  2264 | D:3      | Reached skill level 7 in Polearms
  2657 | D:3      | Noticed a phantom
  2672 | D:3      | Killed a phantom
  2673 | D:3      | Reached XP level 6. HP: 27/51 MP: 5/5
  3136 | D:4      | Reached skill level 8 in Polearms
  3221 | D:4      | Found a staircase to the Ecumenical Temple.
  3334 | Temple   | Entered the Ecumenical Temple
  3387 | Temple   | Became a worshipper of Hepliaklqana the Forgotten
  3794 | D:4      | Reached XP level 7. HP: 57/57 MP: 6/6
  3831 | D:4      | Found Ucrefriy's Jewellery Boutique.
  3908 | D:4      | Noticed Sigmund
  3922 | D:4      | Killed Sigmund
  3923 | D:4      | Reached skill level 9 in Polearms
  4559 | D:5      | Entered Level 5 of the Dungeon
  4590 | D:5      | Reached skill level 5 in Shields
  4693 | D:5      | Found a burning altar of Makhleb.
  5432 | D:5      | Reached * piety under Hepliaklqana
  5755 | D:6      | Noticed a manticore
  5762 | D:5      | Reached XP level 8. HP: 56/57 MP: 7/7
  6100 | D:6      | Noticed Maggie
  6117 | D:6      | Slain by a manticore

Illustrated notes

Levels and vault maps discovered:
D:1:      dpeg_arrival_simpleton_c, layout_loops_ring,
          wad_floor_pattern_untrapped
D:2:      minmay_chambers_of_ones, layout_loops_corners,
          kennysheep_another_room, kennysheep_generic_room_9
D:3:      layout_basic, gup_sewer_entry_bubbles
D:4:      layout_loops_corners, minmay_temple_entry_statues_pillars,
          serial_shops, shop, uniq_sigmund
D:5:      layout_cave_pools, mainiacjoe_overflow_alcove_1
D:6:      layout_cave_pools, serial_column_ruins, column_ruins_columns_corner,
          column_ruins_open_small, column_ruins_grid_2,
          column_ruins_columns_straight, column_ruins_columns_straight,
          column_ruins_open_tiny, minmay_fractal_squares_5, uniq_blork_the_orc,
          uniq_maggie
D:7:      layout_loops_corners
Temple:   minmay_crystal_spiral_temple

Skill      XL: |  1  2  3  4  5  6  7  8 |
---------------+-------------------------+-----
Polearms       | 3 4 6 7 8 9 |  9.5
Short Blades   | 2 |  2.0
Shields        | 6 7 |  7.0
Fighting       | |  3.6
Armour         | |  3.6

Action                   |  1- 3 |  4- 6 |  7- 9 || total
-------------------------+-------+-------+-------++-------
Melee: Trident           |    85 |   120 |    92 ||   297
       Headbutt          |    11 |    17 |    12 ||    40
       Dagger            |       |     1 |     3 ||     4
Throw: Stone             |     5 |    30 |       ||    35
       Javelin           |       |    21 |     4 ||    25
       Dart              |       |       |     8 ||     8
  Use: Scroll            |       |       |     7 ||     7
       Potion            |       |       |     4 ||     4
Armor: Scale mail        |    41 |    25 |    25 ||    91
       Skin              |       |       |     9 ||     9
Dodge: Dodged            |    18 |    18 |    18 ||    54
Block: Kite shield       |    36 |    46 |    49 ||   131

Table legend: (Time is in decaauts)
 A = Elapsed time spent in this place.
 B = Non-inter-level travel time spent in this place.
 C = Inter-level travel time spent in this place.
 D = Time resting spent in this place.
 E = Time spent auto-exploring this place.
 F = Levels seen in this place.
 G = Mean time per level.
                   A        B        C        D        E       F      G
               +--------+--------+--------+--------+--------+-----+--------+
         Total |   6232 |   6041 |    191 |   1667 |   3182 |   8 |  779.0 |
       Dungeon |   6140 |   5986 |    154 |   1667 |   3144 |   7 |  877.1 |
        Temple |     91 |     54 |     37 |      0 |     38 |   1 |   91.0 |
               +--------+--------+--------+--------+--------+-----+--------+

Top non-repeatable levels by time:
     D:2: 1457 daAuts
     D:4: 1401 daAuts
     D:5: 1093 daAuts
     D:3: 966 daAuts
     D:1: 762 daAuts
     D:6: 457 daAuts
  Temple: 91 daAuts
     D:7: 1 daAuts
